 Dungeon Crawl Stone Soup version 0.14.0-25-g43f8a4e (webtiles) character file.

285 Leibowitz the Ducker (level 5, -13/33 HPs)
             Began as a Kobold Berserker on Apr 24, 2014.
             Was a Priest of Trog.
             Killed from afar by a quokka (26 damage)
             ... with an exploding inner flame
             ... on Level 4 of the Dungeon.
             The game lasted 00:10:41 (3094 turns).

Leibowitz the Ducker (Kobold Berserker)             Turns: 3094, Time: 00:10:43

HP -13/33        AC  4     Str 17      XL: 5   Next: 52%
MP   5/5         EV 15     Int  5      God: Trog [***...]
Gold 141         SH  0     Dex 12 (15) Spells:  0 memorised,  4 levels left

rFire  . . .     SeeInvis .     a - +0 short sword
rCold  . . .     Clarity  .     d - +0 leather armour
rNeg   . . .     Conserve .     (no shield)
rPois  .         rCorr    .     (no helmet)
rElec  .         rRot     .     f - +0 cloak
SustAb . .       Spirit   .     (no gloves)
rMut   .         Warding  .     (no boots)
Saprov + + .     Stasis   .     n - amulet of rage
MR     .....                    (no ring)
                                (no ring)

@: exhausted, slowed, very slow, not resistant to hostile enchantments,
unstealthy
A: disease resistance, carnivore 3, saprovore 2
a: Burn Spellbooks, Berserk, Trog's Hand, Renounce Religion, Evoke Berserk Rage


You were on level 4 of the Dungeon.
You worshipped Trog.
Trog was most pleased with you.
You were full.

You visited 1 branch of the dungeon, and saw 4 of its levels.

You collected 141 gold pieces.

Inventory:

Hand weapons
 a - a +0,+0 short sword (weapon)
Missiles
 e - 22 stones (quivered)
Armour
 d - a +0 leather armour (worn)
 f - a +0 cloak (worn)
Magical devices
 h - a wand of draining (3)
Comestibles
 c - a meat ration
Scrolls
 g - a scroll of fear {unknown}
 k - 2 scrolls of noise {unknown}
 l - 3 scrolls of remove curse
 m - a scroll of recharging {unknown}
 o - 4 scrolls of identify
 p - a scroll of magic mapping {unknown}
 t - a scroll of fog {unknown}
 w - a scroll of teleportation {unknown}
Jewellery
 n - an amulet of rage (around neck)
Potions
 i - a potion of brilliance
 j - 6 potions of curing
 q - a potion of agility
 s - 2 potions of mutation {unknown}
 v - a potion of might


   Skills:
 + Level 3.7 Fighting
 + Level 4.9 Short Blades
 + Level 1.7 Armour
 * Level 5.0 Dodging
 * Level 1.5 Stealth


You had 4 spell levels left.
You didn't know any spells.

Dungeon Overview and Level Annotations

Branches:
Dungeon (4/15)
 Temple: D:4-7

Altars:
Xom
The Shining One

Annotations:
D:4 Edmund


Innate Abilities, Weirdness & Mutations

You recuperate from illness quickly.
You are small and have problems with some larger weapons.
You are carnivorous and can eat meat at any time.
You can eat rotten meat.


Message History

You hit the quokka.
The quokka is moderately wounded.
The quokka barely misses you.
You hit the quokka but do no damage.
The quokka is moderately wounded.
The quokka closely misses you. The quokka bites you.
You hit the quokka.
The quokka explodes!
The fiery explosion engulfs the slave.
The slave explodes!
The fiery explosion engulfs Pikel.
The fiery explosion engulfs the slave.
The slave explodes!
The fiery explosion engulfs Pikel.
Pikel explodes!
The fiery explosion engulfs the slave. x2
The slave explodes!
You hear an explosion!
The fiery explosion engulfs you!
Ouch! That really hurt!
You die...

#............
#...
###..?.......
#...
#..........
#..(
#..........
#...
#§§§.......
#...
#.§§§......
#...
#§§§.......
...
##§#######.
## #@# #.#
#.# ..# ###


There were no monsters in sight!

Vanquished Creatures
  A hound (D:3)
  An iguana (D:4)
  A gnoll (D:1)
  2 adders
  A giant mite (D:2)
  A worm (D:2)
  2 orcs (D:3)
  3 giant cockroaches
  7 goblins
  5 hobgoblins
  4 jackals (D:3)
  9 kobolds
  A ball python (D:3)
  6 bats
  2 giant newts (D:1)
  A goblin skeleton (D:4)
  8 rats
55 creatures vanquished.

Vanquished Creatures (others)
  Pikel (D:4)
  3 slaves (D:4)
4 creatures vanquished.

Grand Total: 59 creatures vanquished

Notes
Turn   | Place    | Note
--------------------------------------------------------------
     0 | D:1      | Leibowitz, the Kobold Berserker, began the quest for the Orb.
     0 | D:1      | Reached XP level 1. HP: 14/14 MP: 1/1
   303 | D:1      | Reached XP level 2. HP: 14/19 MP: 2/2
   685 | D:1      | Reached XP level 3. HP: 3/23 MP: 3/3
  1493 | D:2      | Acquired Trog's second power
  1612 | D:2      | Reached XP level 4. HP: 25/28 MP: 4/4
  2289 | D:3      | Reached XP level 5. HP: 12/32 MP: 5/5
  2495 | D:3      | Reached skill level 1 in Stealth
  2513 | D:3      | Found a glowing golden altar of the Shining One.
  2980 | D:4      | Reached skill level 5 in Dodging
  3000 | D:4      | Found a shimmering altar of Xom.
  3038 | D:4      | Noticed Edmund
  3076 | D:4      | Noticed a slave
  3076 | D:4      | Noticed a slave
  3077 | D:4      | Noticed Pikel
  3077 | D:4      | Noticed a slave
  3077 | D:4      | Noticed a slave
  3094 | D:4      | Killed a slave
  3094 | D:4      | Killed a slave
  3094 | D:4      | Killed Pikel
  3094 | D:4      | Killed a slave
  3094 | D:4      | Killed from afar by a quokka

Action                   |  1- 3 |  4- 6 || total
-------------------------+-------+-------++-------
Melee: Short sword       |    98 |   126 ||   224
Invok: Berserk           |     1 |     1 ||     2
       Burn Spellbooks   |       |     1 ||     1
Evoke: Wand              |       |     1 ||     1
  Use: Potion            |       |     6 ||     6
       Scroll            |       |     2 ||     2
 Stab: Sleeping          |       |     1 ||     1
